 Dungeon Crawl Stone Soup version 0.13-a0-3076-g221303f (webtiles) character file.

718 Malachi the Ruinous (level 6, -5/36 HPs)
             Began as a High Elf Conjurer on Sept 17, 2013.
             Was an Initiate of Okawaru.
             Slain by an orc wizard
             ... wielding a +0,+1 orcish short sword
              (7 damage)
             ... on Level 5 of the Dungeon.
             The game lasted 00:10:40 (4072 turns).

Malachi the Ruinous (High Elf Conjurer)             Turns: 4072, Time: 00:10:40

HP  -5/36        AC  3     Str  7      XL: 6   Next: 99%
MP  11/17        EV 15     Int 21      God: Okawaru [......]
Gold 206         SH  0     Dex 16      Spells:  4 memorised,  1 level left

Res.Fire  : . . .   See Invis. : .   r - +2 whip (freeze)
Res.Cold  : . . .   Warding    : .   a - +0 elf robe
Life Prot.: . . .   Conserve   : .   (no shield)
Res.Poison: .       Res.Corr.  : .   (no helmet)
Res.Elec. : .       Clarity    : .   (no cloak)
Sust.Abil.: . .     Spirit.Shd : .   m - +0 pair of gloves
Res.Mut.  : .       Stasis     : .   (no boots)
Res.Rott. : .       Flight     : .   (no amulet)
Saprovore : . . .                    (no ring)
                                     e - +0,+6 ring of slaying

@: slightly resistant to hostile enchantments, stealthy
A: no striking features
a: Renounce Religion


You were on level 5 of the Dungeon.
You worshipped Okawaru.
Okawaru was pleased with you.
You were hungry.

You visited 2 branches of the dungeon, and saw 6 of its levels.

You collected 186 gold pieces.

Inventory:

Hand weapons
 d - a +0,+0 short sword
 r - a +2,+2 whip of freezing (weapon)
 x - a +0 blowgun
 B - a +1,+5 trident
Missiles
 y - 19 poisoned needles
Armour
 a - a +0 elven robe (worn)
 m - a +0 pair of gloves (worn)
Magical devices
 p - a wand of polymorph (4)
Comestibles
 b - 3 bread rations
 f - 5 meat rations
 w - 2 pears
 F - 2 rotting chunks of gnoll flesh
 G - a chunk of adder flesh
Scrolls
 q - 3 scrolls of remove curse
 v - a scroll of enchant weapon I {unknown}
 A - a scroll of fog
 C - 2 scrolls of identify
 E - a scroll of magic mapping
Jewellery
 e - a +0,+6 ring of slaying (left hand)
 s - an uncursed ring of flight
Potions
 g - a potion of heal wounds
 h - 2 potions of curing
 j - a potion of brilliance
 k - a potion of porridge
 l - a potion of agility
 n - a potion of paralysis {unknown}
 o - a potion of magic
 t - a potion of restore abilities {unknown}
 u - a potion of mutation {unknown}
 z - 3 potions of might {unknown}
 D - a potion of flight {unknown}
Books
 c - a book of Conjurations

   Spells                             Type                      Level
   *Magic Dart                        Conjuration                  1
   *Searing Ray                       Conjuration                  2
   *Dazzling Spray                    Conjuration/Hexes            3
   *Iskenderun's Mystic Blast         Conjuration                  4
   Iskenderun's Battlesphere          Conjuration/Charms           4
   Fulminant Prism                    Conjuration/Hexes            5
 i - a book of Wizardry

   Spells                             Type                      Level
   Summon Elemental                   Summoning                    4
   Agony                              Necromancy                   5
   Force Lance                        Conjuration                  5
   Fireball                           Conjuration/Fire             5
   Haste                              Charms                       6
   Invisibility                       Hexes                        6
 H - a book of the Warp

   Spells                             Type                      Level
   Recall                             Summoning/Translocation      3
   Control Teleport                   Charms/Translocation         4
   Phase Shift                        Translocation                5
   Warp Weapon                        Charms/Translocation         5
   Dispersal                          Translocation                6
   Controlled Blink                   Translocation                7
   Disjunction                        Translocation                8


   Skills:
 + Level 0.8 Fighting
 + Level 0.8 Short Blades
 + Level 0.2 Maces & Flails
 * Level 5.3 Dodging
 + Level 3.4 Stealth
 * Level 3.2 Spellcasting
 * Level 6.3 Conjurations
 + Level 0.2 Evocations


You had one spell level left.
You knew the following spells:

 Your Spells              Type           Power        Failure   Level  Hunger
a - Magic Dart            Conj           ####         1%          1    None
b - Searing Ray           Conj           ####..       1%          2    ##.....
c - Iskenderun's Mystic   Conj           ####....     12%         4    ####...
d - Dazzling Spray        Conj/Hex       ###.....     14%         3    ###....


Dungeon Overview and Level Annotations

Branches:
Dungeon (5/27)             Temple (1/1) D:4

Altars:
Ashenzari
Cheibriados
Fedhas
Kikubaaqudgha
Makhleb
Nemelex Xobeh
Okawaru
Sif Muna
Trog
Vehumet
Xom
Yredelemnul
Zin
the Shining One


Message History

You hear some strange, mumbled words.
The puff of flame hits you!
No target in view!
You see here a giant spiked club.
Casting: Searing Ray
Confirm with . or Enter, or press ? or * to list all spells.
Okay, then.
You barely miss it.
It drops an orcish dagger.
It picks up an orcish short sword.
It picks up an orcish dagger.
You hit it. You freeze it. It hits you.
You closely miss it.
You hear some strange, mumbled words.
The puff of flame hits you!
* * * LOW HITPOINT WARNING * * *
Casting: Searing Ray
Confirm with . or Enter, or press ? or * to list all spells.
Aiming: Searing Ray
Press: ? - help, Shift-Dir - straight line The searing ray hits something.
It hits you!
You die...

#.# #.##.# ##
#.##.# .. #.##.# #.
#.##.# # #. #.##.##
##.##.###.....#
#.....)....#..##
#..##{@###.#...##
##%# #......##
#.....).###.......#
..................#
#$.#..#####.......#
#. #.. #....<.##
#.. #.#...## ..
#.##### ## #.#


There were no monsters in sight!

Vanquished Creatures
  The ghost of bronies4ever the Firebug, an average DjFE (D:4)
  2 ogres
  A hound (D:5)
  Ijyb (D:2)
  7 gnolls (D:4)
  4 adders
  A worm (D:4)
  A giant eyeball (D:4)
  A giant gecko (D:1)
  3 orcs
  6 giant cockroaches
  9 hobgoblins
  8 kobolds
  3 quokkas
  2 ball pythons
  7 bats
  8 giant newts
  12 goblins
  An orc skeleton (D:4)
  11 rats
89 creatures vanquished.

Notes
Turn   | Place    | Note
--------------------------------------------------------------
     0 | D:1      | Malachi, the High Elf Conjurer, began the quest for the Orb.
     0 | D:1      | Reached XP level 1. HP: 11/11 MP: 4/4
   270 | D:1      | Reached XP level 2. HP: 17/17 MP: 5/5
   273 | D:1      | Reached skill level 5 in Conjurations
  1314 | D:2      | Reached XP level 3. HP: 21/21 MP: 4/7
  1401 | D:2      | Noticed Ijyb
  1414 | D:2      | Killed Ijyb
  1772 | D:2      | Reached XP level 4. HP: 27/27 MP: 10/10
  2706 | D:4      | Found a staircase to the Ecumenical Temple.
  2713 | D:4      | Noticed bronies4ever's ghost (average DjFE)
  2731 | D:4      | Killed bronies4ever's ghost
  2731 | D:4      | Reached XP level 5. HP: 31/31 MP: 10/12
  3059 | D:4      | Paralysed by a giant eyeball for 2 turns
  3073 | Temple   | Entered the Ecumenical Temple
  3264 | Temple   | Became a worshipper of Warmaster Okawaru
  3377 | D:4      | Noticed an ogre
  3388 | D:4      | Killed an ogre
  3388 | D:4      | Reached skill level 6 in Conjurations
  3388 | D:4      | Reached XP level 6. HP: 33/36 MP: 8/16
  3450 | D:4      | Learned a level 2 spell: Searing Ray
  3455 | D:4      | Learned a level 4 spell: Iskenderun's Mystic Blast
  3459 | D:4      | Learned a level 3 spell: Dazzling Spray
  3563 | D:4      | Found a shimmering altar of Xom.
  3563 | D:4      | Found a shimmering altar of Xom.
  3564 | D:4      | Found a shimmering altar of Xom.
  3692 | D:4      | Reached skill level 5 in Dodging
  3915 | D:4      | Found a bloodstained altar of Trog.
  3972 | D:5      | Entered Level 5 of the Dungeon
  4072 | D:5      | Slain by an orc wizard

Action                   |  1- 3 |  4- 6 || total
-------------------------+-------+-------++-------
Melee: Short sword       |    67 |       ||    67
       Whip              |     9 |    90 ||    99
 Cast: Magic Dart        |    31 |    32 ||    63
       Searing Ray       |       |     5 ||     5
Evoke: Wand              |       |     1 ||     1
  Use: Scroll            |     8 |     4 ||    12
       Potion            |       |     3 ||     3
 Stab: Sleeping          |     2 |     3 ||     5
